 Dungeon Sprint DCSS version 0.31-a0-986-g5e6e4ef867 (webtiles) character file.

Game seed: 13265966084179921524

165160 rocky1 the Sorcerer (level 17, 0/170 HPs)
             Began as a Naga Earth Elementalist on Nov 5, 2023.
             Was the Champion of Cheibriados.
             Killed from afar by Asmodeus (12 damage)
             ... with a bolt of fire
             ... in the Dungeon (Sprint VII: "The Pits").
             The game lasted 01:05:13 (7052 turns).

rocky1 the Sorcerer (Naga Earth Elementalist)       Turns: 7052, Time: 01:05:14

Health: 0/170      AC: 31    Str: 31    XL:     17   Next: 57%
Magic:  3/45       EV: 19    Int: 33    God:    Cheibriados [******]
Gold:   185        SH: 13    Dex: 33    Spells: 19/65 levels left

rFire   + + .        m - +3 demon trident (elec)
rCold   + + .        P - +3 warlock's mirror {omnireflect}
rNeg    + + .        D - +3 troll leather armour {Snorg}
rPois   +            s - +1 helmet
rElec   +            n - +2 cloak {Will+}
rCorr   +            B - +1 pair of gloves "Arituos" {Will+}
SInv    +            g - +6 barding
Will    ++++.        U - amulet of Midnight {RegenMP rElec rPois rCorr}
Stlth   +++++        M - ring "Qiwneyto" {rElec rC+ rN++ Int-4 Dex+6}
HPRegen 1.28/turn    X - ring of Furin {rF+ Str+4}
MPRegen 0.69/turn

%: no teleportation, reflection
@: resistant, very slow
A: AC +5, large, see invisible, deformed body, poison resistance, slowness 2,
spit poison 1, naga tail 2
}: 1/3 runes: silver
a: Spit Poison, Renounce Religion, Bend Time, Temporal Distortion, Slouch, Step
From Time


You were in the Dungeon.
You worshipped Cheibriados.
Cheibriados was exalted by your worship.
You visited 1 branch You collected 185 gold pieces.

Inventory:

Hand Weapons
 a - a +3 halberd of protection
 m - a +3 demon trident of electrocution (weapon)
 H - the +7 Spriggan's Knife {stab, EV+4 Stlth+}
   (You took it off an orc warrior in the Dungeon)

   Stab:      It is more effective when stabbing unaware enemies, sometimes
   treating them as though they were completely helpless.
   EV+4:      It affects your evasion (+4).
   Stlth+:    It makes you more stealthy.
 O - the +8 short sword of Spite {pain, Fly Str+2 Int+4 Dex-5}
   (You took it off an orc knight in the Dungeon)

   Str+2:     It affects your strength (+2).
   Int+4:     It affects your intelligence (+4).
   Dex-5:     It affects your dexterity (-5).
   Fly:       It grants you flight.
Armour
 e - a +0 tower shield of reflection
 g - a +6 barding (worn)
 n - a +2 cloak of willpower (worn)
 s - a +1 helmet (worn)
 B - the +1 pair of gloves "Arituos" (worn) {Will+}
   (You found it in the Dungeon)

   Will+:     It increases your willpower.
 D - a +3 troll leather armour (worn) {Snorg}
 P - the +3 warlock's mirror (worn) {omnireflect}
   (You found it in the Dungeon)

   Omnireflect: It can block and reflect piercing ranged attacks and magical
   attacks against the wielder's willpower.
Magical Staves
 J - a staff of earth
Jewellery
 K - the ring "Niqisi Ithro" {Wiz rC+}
   (You found it in the Dungeon)

   [ring of wizardry]

   Wiz:       It improves your spell success rate.
   rC+:       It protects you from cold.
 M - the ring "Qiwneyto" (left hand) {rElec rC+ rN++ Int-4 Dex+6}
   (You found it in the Dungeon)

   [ring of dexterity]

   Int-4:     It affects your intelligence (-4).
   Dex+6:     It affects your dexterity (+6).
   rC+:       It protects you from cold.
   rElec:     It insulates you from electricity.
   rN++:      It greatly protects you from negative energy.
 U - the amulet of Midnight (around neck) {RegenMP rElec rPois rCorr}
   (You found it in the Dungeon)

   [amulet of magic regeneration]

   RegenMP:   It increases your rate of magic regeneration.
   rElec:     It insulates you from electricity.
   rPois:     It protects you from poison rCorr: It protects you from acid and
   corrosion.
 X - the ring of Furin (right hand) {rF+ Str+4}
   (You found it in the Dungeon)

   [ring of protection from fire]

   Str+4:     It affects your strength (+4).
   rF+:       It protects you from fire.
Wands
 b - a wand of mindburst (11)
 z - a wand of quicksilver (10)
 E - a wand of charming (23)
Scrolls
 f - 6 scrolls of identify
 j - 6 scrolls of amnesia
 k - a scroll of summoning
 u - 2 scrolls of fear
 v - 7 scrolls of enchant weapon
 w - 5 scrolls of fog
 y - a scroll of brand weapon
 A - a scroll of vulnerability
Potions
 c - 11 potions of curing
 d - 5 potions of heal wounds
 l - a potion of berserk rage
 o - 10 potions of mutation
 p - 2 potions of might
 q - 4 potions of brilliance
 t - a potion of cancellation
 N - a potion of attraction
 W - 2 potions of resistance


   Skills:
 - Level 15.1 Fighting
 - Level 16.0(18.2) Polearms
 - Level 14.7(17.6) Staves
 - Level 9.2 Armour
 - Level 10.9 Dodging
 - Level 10.2 Stealth
 - Level 14.0 Shields
 + Level 24.6 Spellcasting
 - Level 18.5 Conjurations
 - Level 14.1 Summonings
 - Level 18.2 Necromancy
 - Level 10.0 Transmutations
 - Level 19.4 Earth Magic
 - Level 12.4 Invocations
 - Level 7.8 Evocations


You had 19 spell levels left.
You knew the following spells:

 Your Spells              Type           Power      Damage    Failure   Level
a - Sandblast             Erth           100%       2d20      0%          1
b - Stone Arrow           Conj/Erth      100%       3d13      0%          3
c - Petrify               Tmut/Erth      95%        N/A       1%          4
d - Brom's Barrelling Bo  Conj/Erth      100%       2d11      0%          4
e - Haunt                 Necr/Summ      49%        N/A       1%          7
f - Infestation           Necr           51%        N/A       2%          8
g - Lehudib's Crystal Sp  Conj/Erth      52%        10d12     1%          8
h - Bombard               Conj/Erth      52%        9d9       1%          6
i - Irradiate             Conj/Tmut      47%        3d27      1%          5

Your spell library contained the following spells:

 Spells                   Type           Power      Damage    Failure   Level
 Necrotise                Necr           100%       1d9       0%          1
 Passwall                 Tmut/Erth      79%        N/A       0%          2
 Sublimation of Blood     Necr           100%       N/A       0%          2
 Call Canine Familiar     Summ           94%        N/A       0%          3
 Vampiric Draining        Necr           100%       2d13      0%          3
 Animate Dead             Necr           100%       N/A       0%          4
 Agony                    Necr           100%       N/A       0%          5
 Borgnjor's Vile Clutch   Necr/Erth      52%        N/A       0%          5
 Iskenderun's Battlesphe  Conj           100%       2d15      0%          5
 Slow                     Hex            100%       N/A       1%          1
 Ensorcelled Hibernation  Hex/Ice        80%        N/A       1%          2
 Jinxbite                 Hex            80%        N/A       1%          2
 Poisonous Vapours        Pois/Air       80%        N/A       1%          2
 Wereblood                Tmut           82%        N/A       1%          2
 Hailstorm                Conj/Ice       80%        3d16      1%          3
 Mephitic Cloud           Conj/Pois/Air  69%        N/A       1%          3
 Anguish                  Hex/Necr       39%        N/A       1%          4
 Flame Wave               Conj/Fire      80%        2d17      1%          4
 Leda's Liquefaction      Hex/Erth       40%        N/A       1%          4
 Sticky Flame             Conj/Fire      80%        2d9       1%          4
 Summon Ice Beast         Ice/Summ       72%        N/A       1%          4
 Freezing Cloud           Conj/Ice/Air   34%        6-21      1%          5
 Death Channel            Necr           51%        N/A       1%          6
 Spellforged Servitor     Conj/Summ      49%        N/A       1%          7
 Confusing Touch          Hex            40%        N/A       2%          3
 Inner Flame              Hex/Fire       40%        N/A       2%          3
 Ozocubu's Armour         Ice            40%        N/A       2%          3
 Sigil of Binding         Hex            40%        N/A       2%          3
 Teleport Other           Tloc           40%        N/A       2%          3
 Tukima's Dance           Hex            40%        N/A       2%          3
 Alistair's Intoxication  Tmut/Pois      43%        N/A       2%          5
 Yara's Violent Unravell  Hex/Tmut       32%        3d13      2%          5
 Simulacrum               Ice/Necr       39%        N/A       2%          6
 Dimensional Bullseye     Hex/Tloc       20%        N/A       8%          4
 Passage of Golubria      Tloc           40%        N/A       8%          4
 Eringya's Noxious Bog    Tmut/Pois      32%        4d6       14%         6
 Metabolic Englaciation   Hex/Ice        20%        N/A       22%         5
 Silence                  Hex/Air        20%        N/A       22%         5


Dungeon Overview and Level Annotations

Branches:
Dungeon (1/1)

Altars:
Ashenzari
Cheibriados
Dithmenos
Elyvilon
Fedhas
Gozag
Hepliaklqana
Kikubaaqudgha
Makhleb
Nemelex Xobeh
Okawaru
Qazlal
Ru
Sif Muna
Trog
Uskayaw
Vehumet
Wu Jian
Xom
Yredelemnul
Zin
The Shining One
Jiyva
Lugonu

Annotations:
D Asmodeus, Ignacio


Innate Abilities, Weirdness & Mutations

Your serpentine skin is tough. (AC +5)
You have supernaturally acute eyesight. (SInv)
Armour fits poorly on your strangely shaped body.
Your system is resistant to poisons. (rPois)
You cover ground very slowly.
You can spit poison.
You can use your snake-like lower body to constrict enemies.


Message History

* * * LOW HITPOINT WARNING * * *
You hit Asmodeus but do no damage.
Asmodeus is moderately wounded.
You are engulfed in blazing flames.
You resist.
* * * LOW HITPOINT WARNING * * *
You constrict Asmodeus. The balrug gestures at you.
The fireball explodes!
The fireball engulfs you. You resist.
* * * LOW HITPOINT WARNING * * *
The fireball engulfs the balrug.
The balrug completely resists.
The fireball engulfs the balrug.
The balrug completely resists.
The fireball engulfs Asmodeus.
Asmodeus completely resists.
The fireball engulfs the balrug.
The balrug completely resists.
The fireball engulfs the balrug.
The balrug completely resists.
The balrug gestures at you.
The fireball explodes!
The fireball engulfs you. You resist.
* * * LOW HITPOINT WARNING * * *
The fireball engulfs the balrug.
The balrug completely resists.
The fireball engulfs the balrug.
The balrug completely resists.
The fireball engulfs Asmodeus.
Asmodeus completely resists.
The fireball engulfs the balrug.
The balrug completely resists.
The fireball engulfs the balrug.
The balrug completely resists.
The balrug hits you with a +0 demon whip of electrocution.
* * * LOW HITPOINT WARNING * * *
You are engulfed in flames!
You resist.
* * * LOW HITPOINT WARNING * * *
The balrug hits you with a +4 demon whip of pain!
* * * LOW HITPOINT WARNING * * *
You are engulfed in flames.
You resist.
* * * LOW HITPOINT WARNING * * *
You hear a shout!
Unknown command.
Unknown command.
Unknown command.
You puncture Asmodeus!
Asmodeus is moderately wounded.
You are engulfed in blazing flames.
You resist.
You constrict Asmodeus. Asmodeus gestures at you. The bolt of fire hits you!
You resist.
You die...

.......#..''..#....#..#####.'#''#
.......#..''..........##.........
############..........##....[#...
###########..#....#..##..#.....#
.........''..........##.....#...
.........''..........##.........
########..##..#....#.)#####)'#''#
.#.#.#.#..##...222°...))))...#..#
#)#.#.##..##...2@&☼...)'.)...#..#
)#.#.#.#..####++####''###########
#)#.#.##..####++####''###########
.#.#.#.#..##......##.............
########..##.#'##.##..........)..
..........##.#.)+.##..###########
..........## +[)# ##..#))'...'))#
'########## #).+ #..#))#...#))#
'########## +..# #).####..)####


You could see Asmodeus (clouds) and 4 balrugs.

Vanquished Creatures
  the Lernaean hydra (D)
  A bone dragon (D)
  A Tzitzimitl (D)
  A Brimstone Fiend (D)
  A Hell Sentinel (D)
  2 liches (D)
  A titan (D)
  A deep elf blademaster (D)
  2 acid blobs (D)
  Frances (D)
  3 storm dragons (D)
  A shadow dragon (D)
  2 rockslimes (D)
  A draconian monk (D)
  A fire giant (D)
  Ilsuiw (D)
  2 frost giants (D)
  2 daevas (D)
  3 deep elf sorcerers (D)
  16 orc warlords (D)
  A ghost moth (D)
  A balrug (D)
  An iron dragon (D)
  2 angels (D)
  A spriggan defender (D)
  A reaper (D)
  A stone giant (D)
  A war gargoyle (D)
  A deep elf demonologist (D)
  3 green draconians (D)
  2 apis (D)
  A white draconian (D)
  A lorocyproca (D)
  2 deep elf annihilators (D)
  2 yellow draconians (D)
  A red draconian (D)
  2 merfolk javelineers (D)
  Snorg (D)
  An eidolon (D)
  A blizzard demon (D)
  2 deep elf death magi (D)
  2 mummy priests (D)
  2 fire dragons (D)
  A great orb of eyes (D)
  2 deep elf high priests (D)
  3 vault guards (D)
  A rakshasa (D)
  Erolcha (D)
  An alligator (D)
  A merfolk avatar (D)
  2 spriggan air magi (D)
  A catoblepas (D)
  A centaur warrior (D)
  2 hydras (D)
  2 anacondas (D)
  A death knight (D)
  A two-headed ogre (D)
  A boulder beetle (D)
  2 death yaks (D)
  4 naga warriors (D)
  2 dancing weapons (D)
  2 vampire magi (D)
  6 orc high priests (D)
  3 occultists (D)
  Nergalle (D)
  A soul eater (D)
  13 hell knights (D)
  A sun demon (D)
  A sixfirhy (D)
  2 deep elf knights (D)
  An iron troll (D)
  A shadow wraith (D)
  A spriggan druid (D)
  2 deep trolls (D)
  2 swamp dragons (D)
  A flayed ghost (D)
  A deep elf pyromancer (D)
  A lindwurm (D)
  A necromancer (D)
  28 orc knights (D)
  A wolf spider (D)
  2 deep elf zephyrmancers (D)
  6 orc sorcerers (D)
  A cyclops (D)
  A guardian serpent (shapeshifter) (D)
  2 guardian serpents (D)
  A molten gargoyle (D)
  A rust devil (D)
  2 gargoyles (D)
  An orange demon (D)
  2 merfolk sirens (D)
  A rime drake (D)
  A freezing wraith (D)
  A tormentor (D)
  A komodo dragon (D)
  Psyche (D)
  An efreet (D)
  An ice devil (D)
  2 red devils (D)
  2 trolls (D)
  A hellwing (D)
  5 merfolk (D)
  Grinder (D)
  A hornet (D)
  A blink frog (D)
  A glass eye (D)
  2 large abominations (D)
  A shadow (D)
  3 slime creatures (D)
  A spriggan (D)
  A ynoxinul (D)
  A wyvern (D)
  A wraith (D)
  A fire bat (D)
  A basilisk (D)
  A golden eye (D)
  2 chaos spawn (D)
  5 redbacks (D)
  3 vampire mosquitoes (D)
  2 wargs (D)
  2 nagas (D)
  An acid dragon (D)
  A water moccasin (D)
  25 orc warriors (D)
  A black bear (D)
  A sky beast (D)
  4 wolves (D)
  2 centaurs (D)
  A kobold brigand (D)
  2 scorpions (D)
  A bullfrog (D)
  A necrophage (D)
  An earth elemental (D)
  4 wights (D)
  An orc priest (D)
  Crazy Yiuf (D)
  A gnoll bouda (D)
  An iron imp (D)
  Terence (D)
  A hell rat (D)
  2 orc wizards (D)
  7 gnolls (D)
  An adder (D)
  2 adder skeletons (D)
  16 orcs (D)
  A bat skeleton (D)
  3 endoplasms (D)
  2 giant cockroaches (D)
  A goblin (D)
  A hobgoblin (D)
  A ball python (D)
  A ball python simulacrum (D)
  A bat simulacrum (D)
  A kobold (D)
  A quokka skeleton (D)
335 creatures vanquished.

Vanquished Creatures (collateral kills)
  Arachne (D)
  A Tzitzimitl (D)
  A deep elf master archer (D)
  A nagaraja (D)
  A shadow dragon (D)
  An azure jelly (D)
  A draconian knight (D)
  A daeva (D)
  A deep elf sorcerer (D)
  A ghost moth (D)
  A draconian annihilator (D)
  A black draconian (D)
  A white draconian (D)
  A fire dragon (D)
  An ice dragon (D)
  A death knight (D)
  An alligator (D)
  A vampire mage (D)
  A hell knight (D)
  A necromancer (D)
  A water elemental (D)
  2 boulders (D)
23 creatures vanquished.

Vanquished Creatures (others)
  A yellow draconian (D)
  A golden eye (D)
  An adder simulacrum (D)
  A boulder (D)
4 creatures vanquished.

Grand Total: 362 creatures vanquished

Notes
Turn   | Place    | Note
-------+----------+-------------------------------------------
     0 | D        | rocky1 the Naga Earth Elementalist began the quest for the
                  | Orb.
     0 | D        | Reached XP level 1. HP: 15/15 MP: 3/3
    16 | D        | Reached skill level 1 in Fighting
    16 | D        | Reached XP level 2. HP: 11/25 MP: 0/5
    20 | D        | Found a bloodstained altar of Trog.
    20 | D        | Found a shimmering blue altar of Sif Muna.
    20 | D        | Found a viscous altar of Jiyva.
    20 | D        | Found a hazy altar of Hepliaklqana.
    20 | D        | Found an opulent altar of Gozag.
    43 | D        | Found a glowing golden altar of the Shining One.
    43 | D        | Found a glowing silver altar of Zin.
    43 | D        | Found a basalt altar of Yredelemnul.
    43 | D        | Found a shimmering altar of Xom.
    43 | D        | Found an ornate altar of the Wu Jian Council.
    43 | D        | Found a sacrificial altar of Ru.
    43 | D        | Found a stormy altar of Qazlal.
    43 | D        | Found an iron altar of Okawaru.
    43 | D        | Found a sparkling altar of Nemelex Xobeh.
    43 | D        | Found a burning altar of Makhleb.
    43 | D        | Found a blossoming altar of Fedhas.
    43 | D        | Found a white marble altar of Elyvilon.
    43 | D        | Found a shadowy altar of Dithmenos.
    43 | D        | Found a snail-covered altar of Cheibriados.
    47 | D        | Found a corrupted altar of Lugonu.
    47 | D        | Found a radiant altar of Vehumet.
    48 | D        | Found a broken altar of Ashenzari.
    48 | D        | Found an ancient bone altar of Kikubaaqudgha.
    48 | D        | Found a hide-covered altar of Uskayaw.
    54 | D        | Became a worshipper of Cheibriados the Contemplative
    74 | D        | Reached * piety under Cheibriados
   215 | D        | Noticed a scorpion
   225 | D        | Killed a scorpion
   226 | D        | Reached skill level 3 in Spellcasting
   226 | D        | Reached XP level 3. HP: 21/34 MP: 1/8
   226 | D        | Reached XP level 4. HP: 27/42 MP: 1/9
   323 | D        | Noticed a glass eye
   323 | D        | Noticed Terence
   329 | D        | Learned a level 3 spell: Stone Arrow
   331 | D        | Reached ** piety under Cheibriados
   337 | D        | Learned a level 4 spell: Petrify
   352 | D        | Killed a glass eye
   353 | D        | Reached skill level 4 in Spellcasting
   353 | D        | Reached skill level 5 in Earth Magic
   353 | D        | Reached XP level 5. HP: 51/51 MP: 7/12
   353 | D        | Reached XP level 6. HP: 60/60 MP: 7/13
   355 | D        | Reached *** piety under Cheibriados
   357 | D        | Killed Terence
   358 | D        | Reached skill level 5 in Fighting
   358 | D        | Reached skill level 5 in Spellcasting
   456 | D        | Reached **** piety under Cheibriados
   457 | D        | Noticed a fire bat
   457 | D        | Noticed a water moccasin
   458 | D        | Killed a water moccasin
   459 | D        | Reached skill level 5 in Dodging
   459 | D        | Reached skill level 5 in Invocations
   459 | D        | Reached XP level 7. HP: 68/68 MP: 6/15
   459 | D        | Killed a fire bat
   459 | D        | Reached ***** piety under Cheibriados
   460 | D        | Reached skill level 5 in Polearms
   460 | D        | Reached skill level 10 in Stealth
   460 | D        | Reached skill level 6 in Spellcasting
   581 | D        | Reached skill level 1 in Conjurations
   601 | D        | Reached XP level 8. HP: 63/78 MP: 10/17
   733 | D        | Noticed an orc knight
   733 | D        | Noticed Erolcha
   734 | D        | Reached ****** piety under Cheibriados
   735 | D        | Reached skill level 1 in Armour
   735 | D        | Killed Erolcha
   736 | D        | Reached skill level 7 in Spellcasting
   736 | D        | Reached XP level 9. HP: 86/86 MP: 7/19
   737 | D        | Killed an orc knight
   877 | D        | Learned a level 4 spell: Brom's Barrelling Boulder
  1139 | D        | Noticed a death yak
  1140 | D        | Noticed a rust devil
  1145 | D        | Killed a rust devil
  1146 | D        | Reached skill level 5 in Transmutations
  1149 | D        | Killed a death yak
  1150 | D        | Reached skill level 8 in Spellcasting
  1150 | D        | Reached skill level 5 in Conjurations
  1150 | D        | Reached XP level 10. HP: 88/98 MP: 12/22
  1208 | D        | Noticed a two-headed ogre
  1208 | D        | Noticed a cyclops
  1213 | D        | Killed a two-headed ogre
  1216 | D        | Killed a cyclops
  1434 | D        | Noticed a five-headed hydra
  1437 | D        | Killed a five-headed hydra
  1493 | D        | Noticed a swamp dragon
  1493 | D        | Noticed a wolf spider
  1499 | D        | Killed a swamp dragon
  1500 | D        | Reached skill level 5 in Armour
  1502 | D        | Killed a wolf spider
  1550 | D        | Noticed a death yak
  1565 | D        | Killed a death yak
  1566 | D        | Reached skill level 9 in Spellcasting
  1566 | D        | Reached skill level 10 in Earth Magic
  1566 | D        | Reached XP level 11. HP: 47/108 MP: 11/24
  1841 | D        | Noticed a deep elf zephyrmancer
  1850 | D        | Killed a deep elf zephyrmancer
  1851 | D        | Reached skill level 10 in Fighting
  1851 | D        | Reached skill level 10 in Invocations
  1908 | D        | Noticed an orc knight
  1908 | D        | Noticed a deep troll
  1908 | D        | Noticed Grinder
  1908 | D        | Noticed a boulder beetle
  1909 | D        | Noticed an orc high priest
  1909 | D        | Noticed Crazy Yiuf
  1909 | D        | Noticed an anaconda
  1909 | D        | Noticed a deep elf zephyrmancer
  1910 | D        | Killed an anaconda
  1910 | D        | Killed Crazy Yiuf
  1911 | D        | Killed Grinder
  1911 | D        | Killed a deep elf zephyrmancer
  1912 | D        | Killed a boulder beetle
  1912 | D        | Killed an orc knight
  1912 | D        | Killed a deep troll
  1912 | D        | Killed an orc high priest
  1913 | D        | Reached skill level 10 in Polearms
  1913 | D        | Reached skill level 10 in Spellcasting
  2266 | D        | Noticed a lindwurm
  2280 | D        | Killed a lindwurm
  2281 | D        | Reached XP level 12. HP: 80/120 MP: 1/26
  2412 | D        | Noticed a catoblepas
  2429 | D        | Killed a catoblepas
  2502 | D        | Noticed a spriggan air mage
  2502 | D        | Noticed a war gargoyle
  2502 | D        | Noticed an anaconda
  2502 | D        | Noticed a merfolk javelineer
  2503 | D        | Killed an anaconda
  2504 | D        | Killed a war gargoyle
  2504 | D        | Killed a spriggan air mage
  2505 | D        | Killed a merfolk javelineer
  2514 | D        | Got the amulet "Nasouhyw" {Acrobat rN+ Will+ Int+3}
  2520 | D        | Got the +1 pair of gloves "Arituos" {Will+}
  2678 | D        | Noticed a mummy priest
  2680 | D        | Noticed a six-headed hydra
  2685 | D        | Killed a six-headed hydra
  2686 | D        | Killed a mummy priest
  2785 | D        | Noticed an apis
  2791 | D        | Reached skill level 10 in Dodging
  2798 | D        | Killed an apis
  2799 | D        | Reached skill level 11 in Spellcasting
  2799 | D        | Reached skill level 10 in Transmutations
  2890 | D        | Noticed an orc warlord
  2891 | D        | Noticed an orc warlord
  2893 | D        | Reached skill level 10 in Conjurations
  2893 | D        | Reached skill level 1 in Necromancy
  2895 | D        | Gained mutation: You can use your snake-like lower body to
                  | constrict enemies. [Naga growth]
  2895 | D        | Reached XP level 13. HP: 54/130 MP: 12/28
  2896 | D        | Killed an orc warlord
  2896 | D        | Killed an orc warlord
  2897 | D        | Reached skill level 5 in Necromancy
  2998 | D        | Noticed a vault guard
  3013 | D        | Killed a vault guard
  3014 | D        | Reached skill level 12 in Spellcasting
  3255 | D        | Noticed a vault guard
  3263 | D        | Noticed a great orb of eyes
  3264 | D        | Killed a vault guard
  3265 | D        | Reached skill level 10 in Necromancy
  3269 | D        | Killed a great orb of eyes
  3278 | D        | Reached skill level 13 in Spellcasting
  3441 | D        | Learned a level 7 spell: Haunt
  3450 | D        | Learned a level 8 spell: Infestation
  3526 | D        | Noticed Snorg
  3527 | D        | Noticed Nergalle
  3527 | D        | Noticed Psyche
  3528 | D        | Noticed a rakshasa
  3528 | D        | Killed Psyche
  3529 | D        | Reached XP level 14. HP: 141/141 MP: 25/31
  3530 | D        | Reached skill level 1 in Summonings
  3530 | D        | Killed Nergalle
  3531 | D        | Killed Snorg
  3533 | D        | Noticed a yellow draconian
  3533 | D        | Noticed a red draconian
  3534 | D        | Noticed Ilsuiw
  3538 | D        | Killed a yellow draconian
  3546 | D        | Killed a red draconian
  3552 | D        | Killed Ilsuiw
  3553 | D        | Reached skill level 5 in Summonings
  3553 | D        | Reached skill level 15 in Earth Magic
  3767 | D        | Noticed a deep elf annihilator
  3786 | D        | Noticed a green draconian monk
  3793 | D        | Reached skill level 14 in Spellcasting
  3811 | D        | Killed a green draconian monk
  3821 | D        | Noticed a white draconian
  3850 | D        | Noticed a deep elf sorcerer
  3851 | D        | Noticed a deep elf sorcerer
  3852 | D        | Noticed a deep elf annihilator
  3853 | D        | Killed a deep elf sorcerer
  3854 | D        | Killed a deep elf sorcerer
  3854 | D        | Noticed Frances
  3855 | D        | Reached skill level 15 in Polearms
  3855 | D        | Killed a deep elf annihilator
  3889 | D        | Killed a white draconian
  3949 | D        | Killed Frances
  4008 | D        | Noticed a deep elf sorcerer
  4013 | D        | Killed a deep elf sorcerer
  4034 | D        | Noticed a lich
  4040 | D        | Noticed an apis
  4040 | D        | Noticed a lich
  4042 | D        | Killed a lich
  4081 | D        | Noticed a daeva
  4089 | D        | Killed a daeva
  4095 | D        | Killed an apis
  4110 | D        | Reached skill level 15 in Spellcasting
  4110 | D        | Reached XP level 15. HP: 82/147 MP: 10/34
  4147 | D        | Reached skill level 15 in Conjurations
  4153 | D        | Killed a lich
  4187 | D        | Reached skill level 15 in Necromancy
  4242 | D        | Got the Verses on the Creeping Gestalt
  4258 | D        | Noticed a bone dragon
  4297 | D        | Killed a bone dragon
  4341 | D        | Got the ring "Niqisi Ithro" {Wiz rC+}
  4343 | D        | Got the amulet "Oxyo" {rN+ Regen+ Str+6 Int-2}
  4345 | D        | Got the ring "Iropaiqa" {Wiz rPois Str+3 Int+3 Stlth+}
  4347 | D        | Got the amulet of Acysewut {Reflect rElec SH+5}
  4349 | D        | Got the amulet "Ysoi" {Spirit SInv}
  4351 | D        | Got the ring "Mirgheohe" {Wiz Dex+3}
  4354 | D        | Got the ring "Ryda Hujol" {rElec rF+ Dex+6}
  4357 | D        | Got the ring of Geanetel {rPois rN+++ Will+ Int-3 Slay-4}
  4359 | D        | Got the amulet "Rydotwo" {Reflect SH+5 SInv}
  4361 | D        | Got the ring "Ruser" {rPois Str+2}
  4365 | D        | Got the amulet of Midnight {RegenMP rElec rPois rCorr}
  4509 | D        | Got the ring "Exute" {rCorr EV+6 Dex+2}
  4511 | D        | Got the ring "Qoapien" {Will+++ EV+6 Int+5 Dex-4}
  4513 | D        | Got the ring "Huromm" {rPois rCorr EV+6 Dex+2 SInv}
  4515 | D        | Got the ring of Fedhas's Grace {Ice Slay+2}
  4519 | D        | Got the ring "Diedweoq" {Will+ Int+6 Stlth+}
  4521 | D        | Got the ring "Ogorphoo" {AC+6 Dex+2 Slay+2}
  4523 | D        | Got the ring of the Forsaken Leylines {rPois rC+ Will+
                  | Dex+3}
  4525 | D        | Got the ring "Uselyani" {rC+ Dex+3}
  4527 | D        | Got the ring of Furin {rF+ Str+4}
  4529 | D        | Got the ring "Noteat" {rF+ Dex+6}
  4531 | D        | Got the ring "Ymucyov" {Fire rN+ Dex+2 SInv}
  4759 | D        | Learned a level 8 spell: Lehudib's Crystal Spear
  4766 | D        | Learned a level 6 spell: Bombard
  4776 | D        | Reached skill level 1 in Staves
  4777 | D        | Reached skill level 1 in Shields
  4782 | D        | Noticed an angel
  4789 | D        | Killed an angel
  4808 | D        | Reached skill level 10 in Summonings
  4831 | D        | Reached skill level 5 in Staves
  4899 | D        | Noticed a titan
  4914 | D        | Reached skill level 5 in Shields
  4915 | D        | Killed a titan
  5009 | D        | Reached skill level 16 in Spellcasting
  5045 | D        | Noticed Arachne
  5087 | D        | Noticed a nagaraja
  5091 | D        | Noticed a deep elf sorcerer
  5091 | D        | Noticed a frost giant
  5094 | D        | Noticed a balrug
  5094 | D        | Killed Arachne
  5095 | D        | Killed a deep elf sorcerer
  5095 | D        | Noticed a deep elf master archer
  5097 | D        | Killed a balrug
  5097 | D        | Killed a nagaraja
  5099 | D        | Noticed a daeva
  5100 | D        | Killed a deep elf master archer
  5102 | D        | Killed a frost giant
  5107 | D        | Reached skill level 10 in Staves
  5108 | D        | Killed a daeva
  5110 | D        | Reached XP level 16. HP: 79/156 MP: 5/36
  5472 | D        | Learned a level 5 spell: Irradiate
  5473 | D        | Found the +3 warlock's mirror {omnireflect}
  5476 | D        | Reached skill level 10 in Shields
  5476 | D        | Identified the +8 short sword of Spite {pain, Fly Str+2
                  | Int+4 Dex-5}
  5477 | D        | Reached skill level 17 in Spellcasting
  5481 | D        | Reached skill level 5 in Evocations
  5725 | D        | Got a silver rune of Zot
  5747 | D        | Got the Excursus on Noxious Displacement
  5758 | D        | Got the ring "Qiwneyto" {rElec rC+ rN++ Int-4 Dex+6}
  5930 | D        | Noticed a storm dragon
  5933 | D        | Noticed a deep elf blademaster
  5935 | D        | Noticed a daeva
  5941 | D        | Killed a storm dragon
  5960 | D        | Noticed an azure jelly
  5962 | D        | Noticed a Tzitzimitl
  5965 | D        | Killed an azure jelly
  5973 | D        | Killed a Tzitzimitl
  5980 | D        | Noticed a shadow dragon
  5980 | D        | Noticed a rockslime
  5983 | D        | Killed a shadow dragon
  5984 | D        | Reached skill level 18 in Spellcasting
  5984 | D        | Noticed a rockslime
  6008 | D        | Noticed a Tzitzimitl
  6012 | D        | Killed a rockslime
  6013 | D        | Reached skill level 15 in Fighting
  6103 | D        | Killed a rockslime
  6104 | D        | Reached XP level 17. HP: 87/170 MP: 30/39
  6294 | D        | Killed a deep elf blademaster
  6295 | D        | Reached skill level 19 in Spellcasting
  6396 | D        | Reached skill level 20 in Spellcasting
  6455 | D        | Noticed the 27-headed Lernaean hydra
  6456 | D        | Noticed an acid blob
  6456 | D        | Noticed an acid blob
  6464 | D        | Killed the 27-headed Lernaean hydra
  6465 | D        | Reached skill level 21 in Spellcasting
  6465 | D        | Killed an acid blob
  6467 | D        | Killed an acid blob
  6614 | D        | Got the ring "Qiqid" {rCorr Int+2 Slay+2}
  6619 | D        | Got the amulet of Esakh {Spirit rF+ Will+}
  6621 | D        | Got the ring of the Jester {MP+9 Dex+3}
  6623 | D        | Got the ring "Kaacup" {Fire rElec}
  6625 | D        | Got the ring "Lodem" {rElec SInv}
  6627 | D        | Got the ring of Tealol {rC+ rN+}
  6629 | D        | Got the ring "Emenyqug" {rPois Slay+4}
  6735 | D        | Noticed a Tzitzimitl
  6736 | D        | Noticed a Hell Sentinel
  6741 | D        | Killed a Hell Sentinel
  6742 | D        | Reached skill level 22 in Spellcasting
  6743 | D        | Killed a Tzitzimitl
  6797 | D        | Reached skill level 23 in Spellcasting
  6826 | D        | Reached skill level 24 in Spellcasting
  6841 | D        | Noticed Ignacio
  6841 | D        | Noticed a profane servitor
  6844 | D        | Noticed a Brimstone Fiend
  6856 | D        | Killed a Brimstone Fiend
  7037 | D        | Found the +13 sceptre of Asmodeus
  7037 | D        | Noticed Asmodeus
  7052 | D        | Killed from afar by Asmodeus

Illustrated notes

Levels and vault maps discovered:
D:        pitsprint [storerooms_1, entrance_room_1, metal_vault_1, armoury_2,
          mini_pit_1, grid_room_1, main_hall_1, silver_pit, the_coven_3,
          the_vestibule_1, steel_vault_5, golden_pit, hallway_of_sentries,
          crystal_vault_2, iron_vault_3, final_vault]

Skill      XL: |  1  2  3  4  5  6  7  8  9 10 11 12 13 14 15 16 17 |
---------------+----------------------------------------------------+-----
Fighting       | 1 3 4 5 6 7 8 9 11 12 13 15 | 15.1
Dodging        | 2 3 4 5 6 7 8 9 10 | 10.9
Stealth        | 4 6 8 9 10 | 10.2
Spellcasting   | 3 4 5 6 7 8 9 10 11 13 15 16 18 24 | 24.6
Earth Magic    | 4 5 6 7 8 9 10 11 12 14 16 17 19 | 19.4
Invocations    | 2 4 5 6 7 8 9 11 12 | 12.4
Polearms       | 3 4 5 6 7 8 10 11 13 15 16 | 16.0
Conjurations   | 1 3 5 6 8 10 12 14 16 18 | 18.5
Transmutations | 2 3 5 7 8 10 | 10.0
Armour         | 2 4 5 7 8 9 |  9.2
Necromancy     | 4 11 14 16 18 | 18.2
Summonings     | 8 11 14 | 14.1
Staves         | 10 14 | 14.7
Shields        | 9 14 | 14.0
Evocations     | 7 |  7.8

Action                     |  1- 3 |  4- 6 |  7- 9 | 10-12 | 13-15 | 16-18 || total
---------------------------+-------+-------+-------+-------+-------+-------++-------
  Melee: Unarmed           |     4 |     3 |       |       |       |       ||     7
         Trident           |       |    12 |     6 |       |       |       ||    18
         Halberd           |       |       |    16 |    57 |   282 |       ||   355
         Constrict         |       |       |       |       |    33 |    12 ||    45
         Staff             |       |       |       |       |       |    56 ||    56
         Demon trident     |       |       |       |       |       |    44 ||    44
   Cast: Sandblast         |    13 |    11 |     1 |       |       |       ||    25
         Stone Arrow       |       |       |     8 |    10 |    22 |       ||    40
         Brom's Barrelling |       |       |       |     3 |     1 |       ||     4
         Haunt             |       |       |       |       |     5 |     2 ||     7
         Lehudib's Crystal |       |       |       |       |     9 |    45 ||    54
         Infestation       |       |       |       |       |     4 |     4 ||     8
         Bombard           |       |       |       |       |     1 |       ||     1
 Invoke: Slouch            |       |     1 |     5 |    28 |    56 |    13 ||   103
         Step From Time    |       |       |       |       |       |     1 ||     1
    Use: Potion            |     1 |       |       |     1 |    12 |    20 ||    34
         Scroll            |       |     1 |       |       |     4 |     9 ||    14
   Stab: Sleeping          |       |       |     4 |     3 |       |       ||     7
         Distracted        |       |       |       |       |     4 |       ||     4
         Invisible         |       |       |       |       |     2 |     2 ||     4
 Armour: Robe              |    11 |     6 |     6 |       |       |       ||    23
         Acid dragon scale |       |       |     6 |    20 |       |       ||    26
         Troll leather arm |       |       |       |    39 |   209 |   135 ||   383
  Dodge: Dodged            |     6 |     6 |    18 |    59 |   182 |    84 ||   355
  Block: Buckler           |       |       |       |       |       |    91 ||    91
         Reflection        |       |       |       |       |       |    17 ||    17
         Tower shield      |       |       |       |       |       |     5 ||     5

Table legend: (Time is in decaauts) A = Elapsed time spent in this place. B = Non-inter-level travel time spent in this place. C = Inter-level travel time spent in this place. D = Time resting spent in this place. E = Time spent auto-exploring this place. F = Levels seen in this place. G = Mean time per level. A B C D E F G +--------+--------+--------+--------+--------+-----+--------+ Total | 10231 | 9476 | 755 | 3774 | 2 | 1 | 10231.0 | Dungeon | 10231 | 9476 | 755 | 3774 | 2 | 1 | 10231.0 | +--------+--------+--------+--------+--------+-----+--------+

Top non-repeatable levels by time:
       D: 10231 daAuts
